 Dungeon Sprint DCSS version 0.31-a0-150-g89dc3ad700 (webtiles) character file.

Game seed: 14614868764545128423

572 rocky1 the Cleaver (level 7, -4/81 HPs)
             Began as an Ogre Gladiator on June 9, 2023.
             Was a Believer of Okawaru.
             Slain by a manticore (13 damage)
             ... in the Dungeon (Sprint VII: "The Pits").
             The game lasted 00:02:29 (1369 turns).

rocky1 the Cleaver (Ogre Gladiator)                 Turns: 1369, Time: 00:02:30

Health: -4/81      AC:  3    Str: 21    XL:     7   Next: 34%
Magic:  5/7        EV: 14    Int:  9    God:    Okawaru [**....]
Gold:   0          SH:  0    Dex: 10    Spells: 6/6 levels left

rFire   . . .        n - +3 hand axe (freeze)
rCold   . . .        (no shield)
rNeg    . . .        b - +0 robe
rPois   .            c - +0 hat
rElec   .            (no cloak)
rCorr   .            (gloves unavailable)
SInv    .            (boots unavailable)
Will    .....        (no amulet)
Stlth   +++          (no ring)
HPRegen 0.33/turn    (no ring)
MPRegen 0.10/turn

%: no teleportation
@: heroic
A: large, unfitting armour, tough skin 1
a: Renounce Religion, Heroism


You were in the Dungeon.
You worshipped Okawaru.
Okawaru was pleased with you.
You visited 1 branch

Inventory:

Hand Weapons
 a - a +0 war axe
 n - a +3 hand axe of freezing (weapon)
Missiles
 d - 3 throwing nets (quivered)
 e - a large rock
Armour
 b - a +0 robe (worn)
 c - a +0 hat (worn)
Scrolls
 k - a scroll of blinking
 m - 5 scrolls of amnesia
Potions
 f - 5 potions of curing
 g - 3 potions of heal wounds
 h - a potion of haste
 i - 4 potions of magic
 l - 2 potions of invisibility


   Skills:
 + Level 8.5(13.5) Fighting
 + Level 10.2(15.2) Axes
 + Level 5.9(10.9) Throwing
 + Level 8.3(13.3) Dodging
 + Level 0.6(5.6) Stealth


You had 6 spell levels left.
You didn't know any spells.
Your spell library was empty.

Dungeon Overview and Level Annotations

Branches:
Dungeon (1/1)

Altars:
Ashenzari
Cheibriados
Dithmenos
Elyvilon
Fedhas
Gozag
Hepliaklqana
Kikubaaqudgha
Makhleb
Nemelex Xobeh
Okawaru
Qazlal
Ru
Sif Muna
Trog
Uskayaw
Vehumet
Wu Jian
Xom
Yredelemnul
Zin
The Shining One
Jiyva
Lugonu


Innate Abilities, Weirdness & Mutations

You are too large for most types of armour.
You have tough skin. (AC +1)


Message History

You hit the manticore. You freeze the manticore.
The manticore is moderately wounded.
The manticore misses you. The manticore claws you!
The manticore closely misses you.
You barely miss the manticore. Your punch misses the manticore.
The manticore is moderately wounded.
The manticore bites you!
The manticore claws you but does no damage. x2
You are too injured to fight recklessly!
You are too injured to fight recklessly!
You feel much better. The manticore bites you. The manticore barely misses you.
The manticore closely misses you.
Okay, then.
You gain the combat prowess of a mighty hero.
The manticore bites you. The manticore closely misses you.
The manticore claws you!
Unknown command.
You hit the manticore. You freeze the manticore.
The manticore is heavily wounded.
You slash the manticore! You freeze the manticore.
The manticore is severely wounded.
The manticore bites you! The manticore claws you!
* * * LOW HITPOINT WARNING * * *
The manticore closely misses you.
You hit the manticore. You freeze the manticore.
The manticore is severely wounded.
Unknown command.
You feel much better. The manticore bites you!!
The manticore closely misses you. x2
Unknown command.
You slash the manticore! You freeze the manticore.
The manticore is almost dead.
The manticore bites you. The manticore barely misses you.
The manticore closely misses you.
You hit the manticore but do no damage.
The manticore is almost dead.
The manticore bites you!!
* * * LOW HITPOINT WARNING * * *
The manticore claws you!
You die...

#.#[[###'####.......#
#.##'#.....##...<...#
#.#........##.......#
#)#........##.......#
#'###########.......#
#.......#..##########
#...#...#†## ###
#...#...#†# ...#
#.##.##.#@#.J..#
#...#...#.HJ...+
#...#...#)#....#
#.......).#....#
########### ####


You could see a manticore and an endoplasm.

Vanquished Creatures
  A flying skull (D)
  An ogre (D)
  4 scorpions (D)
  A wight (D)
  An iguana (D)
  An ufetubus (D)
  An adder skeleton (D)
  An orc (D)
  2 giant cockroaches (D)
  2 jackals (D)
  A ball python (D)
  2 frilled lizards (D)
  2 kobolds (D)
  A quokka zombie (D)
  A rat (D)
22 creatures vanquished.

Notes
Turn   | Place    | Note
-------+----------+-------------------------------------------
     0 | D        | rocky1 the Ogre Gladiator began the quest for the Orb.
     0 | D        | Reached XP level 1. HP: 22/22 MP: 1/1
    17 | D        | Found a bloodstained altar of Trog.
    17 | D        | Found a shimmering blue altar of Sif Muna.
    17 | D        | Found a viscous altar of Jiyva.
    17 | D        | Found a hazy altar of Hepliaklqana.
    17 | D        | Found an opulent altar of Gozag.
    18 | D        | Found a glowing golden altar of the Shining One.
    18 | D        | Found a glowing silver altar of Zin.
    18 | D        | Found a basalt altar of Yredelemnul.
    18 | D        | Found a shimmering altar of Xom.
    18 | D        | Found an ornate altar of the Wu Jian Council.
    18 | D        | Found a sacrificial altar of Ru.
    18 | D        | Found a stormy altar of Qazlal.
    18 | D        | Found an iron altar of Okawaru.
    18 | D        | Found a sparkling altar of Nemelex Xobeh.
    18 | D        | Found a burning altar of Makhleb.
    18 | D        | Found a blossoming altar of Fedhas.
    18 | D        | Found a white marble altar of Elyvilon.
    18 | D        | Found a shadowy altar of Dithmenos.
    18 | D        | Found a snail-covered altar of Cheibriados.
    21 | D        | Found a corrupted altar of Lugonu.
    21 | D        | Found a radiant altar of Vehumet.
    22 | D        | Found an ancient bone altar of Kikubaaqudgha.
    22 | D        | Found a hide-covered altar of Uskayaw.
    22 | D        | Found a broken altar of Ashenzari.
    26 | D        | Became a worshipper of Warmaster Okawaru
    71 | D        | Noticed a scorpion
    82 | D        | Killed a scorpion
    82 | D        | Reached * piety under Okawaru
    83 | D        | Reached skill level 5 in Axes
    83 | D        | Reached XP level 2. HP: 33/33 MP: 2/2
    83 | D        | Reached XP level 3. HP: 40/40 MP: 3/3
    83 | D        | Reached XP level 4. HP: 49/49 MP: 4/4
   216 | D        | Noticed a scorpion
   228 | D        | Killed a scorpion
   229 | D        | Reached skill level 5 in Fighting
   229 | D        | Reached skill level 6 in Axes
   229 | D        | Reached skill level 5 in Dodging
   229 | D        | Reached XP level 5. HP: 45/57 MP: 5/5
   505 | D        | Noticed a flying skull
   512 | D        | Killed a flying skull
   513 | D        | Reached skill level 8 in Axes
   513 | D        | Reached skill level 5 in Throwing
   513 | D        | Reached XP level 6. HP: 71/71 MP: 6/6
   516 | D        | Reached skill level 9 in Axes
   518 | D        | Reached ** piety under Okawaru
   694 | D        | Reached XP level 7. HP: 80/80 MP: 7/7
   872 | D        | Reached skill level 10 in Axes
  1308 | D        | Noticed a manticore
  1369 | D        | Slain by a manticore

Illustrated notes

Levels and vault maps discovered:
D:        pitsprint [storerooms_1, entrance_room_1, metal_vault_7, armoury_2,
          mini_pit_1, grid_room_1, main_hall_1, silver_pit, the_coven_3,
          the_vestibule_1, steel_vault_1, golden_pit, hallway_of_sentries,
          crystal_vault_1, iron_vault_4, final_vault]

Skill      XL: |  1  2  3  4  5  6  7 |
---------------+----------------------+-----
Dodging        | 4 5 7 8 |  8.3
Fighting       | 4 5 7 8 |  8.5
Axes           | 5 6 8 9 10 | 10.2
Throwing       | 3 5 |  5.9
Stealth        | |  0.6

Action                     |  1- 3 |  4- 6 |  7- 9 || total
---------------------------+-------+-------+-------++-------
  Melee: War axe           |    11 |    15 |       ||    26
         Punch             |     1 |       |       ||     1
         Hand axe          |       |    19 |    35 ||    54
  Throw: Throwing net      |     3 |     3 |       ||     6
 Invoke: Heroism           |       |       |     1 ||     1
    Use: Potion            |     3 |     2 |     2 ||     7
 Armour: Robe              |     3 |     8 |     8 ||    19
  Dodge: Dodged            |     4 |    26 |    31 ||    61

Table legend: (Time is in decaauts)
 A = Elapsed time spent in this place.
 B = Non-inter-level travel time spent in this place.
 C = Inter-level travel time spent in this place.
 D = Time resting spent in this place.
 E = Time spent auto-exploring this place.
 F = Levels seen in this place.
 G = Mean time per level.
                   A        B        C        D        E       F      G
               +--------+--------+--------+--------+--------+-----+--------+
         Total |   1396 |   1378 |     18 |   1124 |      0 |   1 | 1396.0 |
       Dungeon |   1396 |   1378 |     18 |   1124 |      0 |   1 | 1396.0 |
               +--------+--------+--------+--------+--------+-----+--------+

Top non-repeatable levels by time:
       D: 1396 daAuts
